 Dungeon Crawl Stone Soup version 0.30.0-29-ga12c61a403 (webtiles) character file.

Game seed: 5877200504752519323

12351 qw the Cleaver (level 11, -1/71 HPs)
             Began as a Gargoyle Fighter on June 5, 2023.
             Was an Elder of Okawaru.
             Slain by a will-o-the-wisp (2 damage)
             ... on level 1 of the Abyss.
             The game lasted 00:04:23 (9083 turns).

qw the Cleaver (Gargoyle Fighter)                   Turns: 9083, Time: 00:04:24

Health: -1/71      AC: 27    Str: 25    XL:     11   Next: 92%
Magic:  14/16      EV: 14    Int:  8    God:    Okawaru [****..]
Gold:   212        SH:  6    Dex:  9    Spells: 10/10 levels left

rFire   . . .        Y - +2 broad axe
rCold   . . .        c - +0 buckler
rNeg    + . .        r - +0 plate armour
rPois   inf          (no helmet)
rElec   +            (no cloak)
rCorr   .            e - +0 pair of gloves
SInv    .            q - +0 pair of boots
Will    .....        f - amulet of faith Stlth
                     h - +5 ring of evasion
HPRegen 0.31/turn    g - +4 ring of slaying {mikee}
MPRegen 0.15/turn

%: faith
@: heroic
A: sickness immunity, AC +8, negative energy resistance 1, electricity
resistance, torment resistance 1, petrification resistance
a: Renounce Religion, Heroism, Finesse


You were on level 1 of the Abyss.
You worshipped Okawaru.
Okawaru was greatly pleased with you.
You visited 3 branches of the dungeon, and saw 10 of its levels.
You visited the Abyss 1 time.

You collected 410 gold pieces.
You spent 198 gold pieces at shops.


Innate Abilities, Weirdness & Mutations

You are immune to sickness and miasma.
Your stone body is resilient. (AC +8)
You are immune to poison.
You resist negative energy. (rN+)
You are resistant to electric shocks. (rElec)
You are resistant to unholy torment.
You are immune to petrification.


   Skills:
 - Level 9.1(14.1) Fighting
 - Level 12.0(17.0) Axes
 - Level 1.9(6.9) Throwing
 + Level 8.0(13.0) Armour
 - Level 2.1(7.1) Dodging
 - Level 6.1(11.1) Shields
 + Level 7.3 Invocations


You had 10 spell levels left.
You didn't know any spells.
Your spell library was empty.

Inventory:

Hand Weapons
 l - a +0 war axe of flaming
 Y - a +2 broad axe (weapon)
Armour
 c - a +0 buckler (worn)
 e - a +0 pair of gloves (worn)
 i - a +1 hat
 q - a +0 pair of boots (worn)
 r - a +0 plate armour (worn)
Jewellery
 f - an amulet of faith (around neck)
 g - a +4 ring of slaying (right hand) {mikee}
 h - a +5 ring of evasion (left hand)
Scrolls
 a - 8 scrolls of identify
Potions
 d - 2 potions of might
 m - 2 potions of curing
 n - a potion of lignification
 p - a potion of resistance

Dungeon Overview and Level Annotations

Branches:
Dungeon (8/15)             Temple (1/1) D:6            Lair (1/5) D:8

Altars:
Ashenzari
Cheibriados
Dithmenos
Elyvilon
Fedhas
Gozag
Hepliaklqana
Kikubaaqudgha
Makhleb
Okawaru
Qazlal
Ru
Sif Muna
Vehumet
Wu Jian
Xom
Yredelemnul
The Shining One

Shops:
D:5 *   D:6 ?   D:8 *

Annotations:
D:4 1 transporter, qw's ghost, novice GrFi
D:7 1 runed translucent door, Crazy Yiuf
D:8 1 runed translucent door, qw's ghost, novice GrFi
Lair:1 Sonja


Message History

The will-o-the-wisp conjures some foxfire! 2 foxfires come into view.
You slice the foxfire!!
The foxfire is lightly damaged.
You slash the will-o-the-wisp! The foxfire hits you!! x2
The will-o-the-wisp gestures.
The will-o-the-wisp conjures some foxfire! 2 foxfires come into view.
9079 ||| INVOKING Heroism.
You gain the combat prowess of a mighty hero.
You can no longer enter into single combat with a foe.
Okawaru will no longer gift you equipment.
The foxfire hits you.
The foxfire hits you but does no damage.
You block the will-o-the-wisp's attack.
You slash the will-o-the-wisp!
The will-o-the-wisp is heavily damaged.
You barely miss the rakshasa. You block the will-o-the-wisp's attack.
The rakshasa gestures at you. The lance of force misses you.
You hit the will-o-the-wisp but do no damage.
The will-o-the-wisp is heavily damaged.
You slash the rakshasa!
The will-o-the-wisp gestures.
The will-o-the-wisp conjures some foxfire! 2 foxfires come into view.
You catch the helpless foxfire completely off-guard!
You cut the foxfire into ribbons!!!
The foxfire is moderately damaged.
You closely miss the rakshasa. You hit the will-o-the-wisp.
You closely miss the foxfire.
The foxfire hits you but does no damage.
The foxfire hits you! The rakshasa completely misses you.
You closely miss the will-o-the-wisp.
The will-o-the-wisp is heavily damaged.
You slash the rakshasa! The will-o-the-wisp engulfs you.
You die...

# #. . #..
#####
.}#}.#........#
#.
..}........#..#
... . #.#... ..
.# . .#. .
.#........# # #
. ###.###.## .
.. #.....#.'#
#.#. #...R¤#.##
.. . .#.v@..#
.#
#.#....¤#...# .
#.....#.#.# #.#
###..##.#.# .
.......# #....
..# ...#.# # #
.#.#. .#


You could see a rakshasa and a will-o-the-wisp.

Vanquished Creatures
  Gastronok (Lair:1)
  A two-headed ogre (D:8)
  A sixfirhy (Abyss:1)
  A worldbinder (Abyss:1)
  An elephant (D:8)
  Joseph (D:8)
  3 cane toads (Lair:1)
  4 ancient zymes (Abyss:1)
  A komodo dragon (Lair:1)
  Grinder (D:6)
  16 yaks
  A ynoxinul (Abyss:1)
  A wyvern (D:8)
  Grum (Lair:1)
  2 basilisks (D:8)
  Eustachio (D:6)
  A steam dragon (D:8)
  2 water moccasins
  Duvessa (D:6)
  2 orc warriors
  A black bear (D:6)
  3 ice beasts
  A large abomination (Abyss:1)
  A sky beast (D:8)
  An ogre (D:6)
  4 wolves (Lair:1)
  2 phantoms
  2 centaurs (D:6)
  A kobold brigand (D:7)
  5 bullfrogs
  2 scorpions (D:5)
  9 wights
  Dowan (D:6)
  2 howler monkeys (D:7)
  A jelly (D:6)
  4 orc priests
  2 hounds
  3 iguanas
  Terence (D:2)
  4 orc wizards
  2 sleepcaps (D:4)
  3 gnolls (D:5)
  14 adders
  3 white imps
  An ufetubus (D:5)
  2 worms
  2 dart slugs
  30 orcs
  7 ball pythons
  5 bats
  3 endoplasms
  A giant cockroach (D:3)
  6 goblins
  4 hobgoblins
  4 jackals (D:4)
  6 quokkas
  4 frilled lizards
  11 kobolds
  5 rats
206 creatures vanquished.

Vanquished Creatures (others)
  6 foxfires (Abyss:1)
6 creatures vanquished.

Grand Total: 212 creatures vanquished

Notes
Turn   | Place    | Note
-------+----------+-------------------------------------------
     0 | D:1      | qw the Gargoyle Fighter began the quest for the Orb.
     0 | D:1      | Reached XP level 1. HP: 14/14 MP: 1/1
     0 | D:1      | 0 ||| qw: Version: 0.2-a-108-gee2c290
     0 | D:1      | 0 ||| qw: Game counter: 1435
     0 | D:1      | 0 ||| qw: Always use a shield: true
     0 | D:1      | 0 ||| qw: God list: Okawaru
     0 | D:1      | 0 ||| qw: Allow faded altars: false
     0 | D:1      | 0 ||| qw: Do Orc after D:15 true
     0 | D:1      | 0 ||| qw: Do second Lair branch before Depths: true
     0 | D:1      | 0 ||| qw: Lair rune preference: random
     0 | D:1      | 0 ||| qw: Plans: Normal, Zot:1-4, Slime:5, God:TSO, Crypt,
                  | Tomb, Abyss, Pan, Hells, Win
     0 | D:1      | 0 ||| PLANNING D:1-11
    26 | D:1      | Reached skill level 2 in Axes
   246 | D:1      | 246 ||| Stepping ~*~*~tactically~*~*~ (stealth).
   248 | D:1      | 248 ||| Stepping ~*~*~tactically~*~*~ (stealth).
   254 | D:1      | Reached XP level 2. HP: 14/19 MP: 2/2
   854 | D:1      | 854 ||| UPGRADING to amulet of faith.
   859 | D:1      | 859 ||| UPGRADING to +5 ring of evasion.
   860 | D:1      | 860 ||| READING 2 scrolls labelled CISHIAKIZO.
   861 | D:1      | 861 ||| READING scroll labelled ONYTRU SUSHRIUTS.
   962 | D:1      | 962 ||| DRINKING 2 bubbling golden potions.
   963 | D:1      | 963 ||| DROPPING potion of brilliance.
   979 | D:2      | 979 ||| STAIRDANCE
   991 | D:2      | 991 ||| STAIRDANCE
   996 | D:1      | Reached skill level 3 in Axes
   996 | D:1      | Reached XP level 3. HP: 23/23 MP: 3/3
  1029 | D:2      | Noticed a phantom
  1046 | D:2      | Killed a phantom
  1047 | D:2      | Reached skill level 4 in Axes
  1047 | D:2      | Reached XP level 4. HP: 25/28 MP: 4/4
  1236 | D:2      | Reached XP level 5. HP: 32/32 MP: 5/5
  1278 | D:2      | 1278 ||| Stepping ~*~*~tactically~*~*~ (hiding).
  1411 | D:2      | 1411 ||| Stepping ~*~*~tactically~*~*~ (stealth).
  1561 | D:2      | Noticed Terence
  1568 | D:2      | Killed Terence
  1569 | D:2      | Reached skill level 5 in Axes
  1732 | D:2      | 1732 ||| UPGRADING to +0 pair of gloves.
  1737 | D:2      | 1737 ||| UPGRADING to +0 chain mail.
  1747 | D:2      | 1747 ||| DROPPING +0 scale mail.
  1748 | D:2      | 1748 ||| READING 4 scrolls labelled FAOR ICRU TOA.
  1749 | D:2      | 1749 ||| READING scroll labelled SESTUMEMAI.
  1750 | D:2      | 1750 ||| DROPPING 3 scrolls of immolation.
  1767 | D:3      | 1767 ||| Stepping ~*~*~tactically~*~*~ (stealth).
  2014 | D:3      | Found a shimmering blue altar of Sif Muna.
  2255 | D:3      | Reached XP level 6. HP: 38/38 MP: 6/6
  2329 | D:3      | Found a faded altar of an unknown god.
  2349 | D:3      | 2349 ||| DROPPING +0 whip of venom.
  2549 | D:3      | 2549 ||| UPGRADING to +4 ring of slaying {mikee}.
  2550 | D:3      | 2550 ||| READING scroll labelled YMYTOTA JEER.
  2588 | D:4      | 2588 ||| STAIRDANCE
  2703 | D:4      | 2703 ||| SWAPPING to +0 war axe of venom.
  2704 | D:4      | 2704 ||| DROPPING +0 war axe.
  2791 | D:4      | 2791 ||| Stepping ~*~*~tactically~*~*~ (hiding).
  2903 | D:4      | 2903 ||| Stepping ~*~*~tactically~*~*~ (hiding).
  2915 | D:4      | Reached skill level 6 in Axes
  2939 | D:4      | Reached skill level 1 in Dodging
  2939 | D:4      | Reached XP level 7. HP: 39/43 MP: 7/7
  3055 | D:4      | 3055 ||| Stepping ~*~*~tactically~*~*~ (stealth).
  3092 | D:4      | Found a transporter.
  3096 | D:4      | Noticed qw's ghost (novice GrFi)
  3124 | D:4      | 3124 ||| UPGRADING to +0 pair of boots.
  3129 | D:4      | 3129 ||| READING 2 scrolls labelled ECUNYH QAVAH.
  3130 | D:4      | 3130 ||| READING scroll labelled BEITUR JEGO.
  3131 | D:4      | 3131 ||| READING scroll labelled HOAVI KEMOBB.
  3132 | D:4      | 3132 ||| READING 3 scrolls of identify.
  3132 | D:4      | 3132 ||| IDENTIFYING silvery potion
  3133 | D:4      | 3133 ||| READING 2 scrolls of identify.
  3133 | D:4      | 3133 ||| IDENTIFYING grey potion
  3134 | D:4      | 3134 ||| DROPPING scroll of fog.
  3135 | D:4      | 3135 ||| DROPPING potion of berserk rage.
  3147 | D:5      | Entered Level 5 of the Dungeon
  3172 | D:5      | 3172 ||| Stepping ~*~*~tactically~*~*~ (stealth).
  3174 | D:5      | 3174 ||| Stepping ~*~*~tactically~*~*~ (hiding).
  3201 | D:5      | Identified the +2 dagger of Ragnarok {pain, rElec Will-
                  | Str+5}
  3202 | D:5      | 3202 ||| DROPPING +1 mace of draining.
  3206 | D:5      | Found Iwurghal's General Store.
  3209 | D:5      | 3209 ||| BUYING potion of might (60 gold).
  3209 | D:5      | Bought a potion of might for 60 gold pieces
  3209 | D:5      | 3209 ||| BUYING scroll of identify (30 gold).
  3209 | D:5      | Bought a scroll of identify for 30 gold pieces
  3209 | D:5      | 3209 ||| BUYING scroll of identify (30 gold).
  3209 | D:5      | Bought a scroll of identify for 30 gold pieces
  3393 | D:5      | Found a radiant altar of Vehumet.
  3585 | D:5      | Reached skill level 7 in Axes
  3921 | D:5      | 3921 ||| READING scroll labelled DUZUKUL OWUUH.
  3922 | D:5      | 3922 ||| READING 3 scrolls of identify.
  3922 | D:5      | 3922 ||| IDENTIFYING coppery potion
  3923 | D:5      | 3923 ||| READING 2 scrolls of identify.
  3923 | D:5      | 3923 ||| IDENTIFYING glowing amethyst potion
  3924 | D:5      | 3924 ||| DROPPING potion of ambrosia.
  3963 | D:6      | Noticed Grinder
  3971 | D:6      | Paralysed by Grinder for 3 turns
  3972 | D:6      | Reached skill level 1 in Throwing
  3972 | D:6      | Reached XP level 8. HP: 39/49 MP: 8/8
  3978 | D:6      | Killed Grinder
  4046 | D:6      | Reached skill level 8 in Axes
  4104 | D:6      | 4104 ||| DROPPING +0 flail.
  4107 | D:6      | 4107 ||| Stepping ~*~*~tactically~*~*~ (hiding).
  4108 | D:6      | 4108 ||| Stepping ~*~*~tactically~*~*~ (hiding).
  4163 | D:6      | Noticed Eustachio
  4199 | D:6      | Killed Eustachio
  4210 | D:6      | Found a staircase to the Ecumenical Temple.
  4211 | D:6      | 4211 ||| PLANNING TEMPLE
  4219 | Temple   | Entered the Ecumenical Temple
  4239 | Temple   | 4239 ||| PLANNING OKAWARU WORSHIP
  4371 | Temple   | Became a worshipper of Warmaster Okawaru
  4371 | Temple   | 4371 ||| PLANNING D:1-11
  4414 | D:6      | Reached skill level 6 in Fighting
  4624 | D:6      | Found The Oracle's Delphic Readings.
  4629 | D:6      | 4629 ||| BUYING scroll of identify (26 gold).
  4629 | D:6      | Bought a scroll of identify for 26 gold pieces
  4629 | D:6      | 4629 ||| BUYING scroll of identify (26 gold).
  4629 | D:6      | Bought a scroll of identify for 26 gold pieces
  4629 | D:6      | 4629 ||| BUYING scroll of identify (26 gold).
  4629 | D:6      | Bought a scroll of identify for 26 gold pieces
  4698 | D:6      | 4698 ||| Stepping ~*~*~tactically~*~*~ (hiding).
  4752 | D:6      | Noticed Duvessa
  4752 | D:6      | Noticed Dowan
  4753 | D:6      | 4753 ||| Stepping ~*~*~tactically~*~*~ (hiding).
  4760 | D:6      | Killed Duvessa
  4761 | D:6      | Reached XP level 9. HP: 42/55 MP: 9/9
  4763 | D:6      | Killed Dowan
  4875 | D:6      | Reached * piety under Okawaru
  4876 | D:6      | Reached skill level 9 in Axes
  4904 | D:6      | Identified the +6 dagger of Midnight {heavy, Str+4}
  5428 | D:6      | 5428 ||| INVOKING Heroism.
  5668 | D:6      | 5668 ||| READING scroll labelled SIBBOCS LIBOVEHA.
  5669 | D:6      | 5669 ||| DROPPING +5 flail.
  5670 | D:6      | 5670 ||| READING 9 scrolls of identify.
  5670 | D:6      | 5670 ||| IDENTIFYING bubbling green potion
  5671 | D:6      | 5671 ||| READING 8 scrolls of identify.
  5671 | D:6      | 5671 ||| IDENTIFYING fizzy cyan potion
  5672 | D:6      | 5672 ||| READING 7 scrolls of identify.
  5672 | D:6      | 5672 ||| IDENTIFYING orange potion
  5673 | D:6      | 5673 ||| DROPPING potion of flight.
  5722 | D:7      | Reached skill level 1 in Invocations
  5763 | D:7      | Found a runed translucent door.
  5764 | D:7      | Noticed Crazy Yiuf
  5786 | D:7      | 5786 ||| Stepping ~*~*~tactically~*~*~ (hiding).
  5787 | D:7      | 5787 ||| Stepping ~*~*~tactically~*~*~ (hiding).
  5788 | D:7      | 5788 ||| Stepping ~*~*~tactically~*~*~ (hiding).
  5789 | D:7      | 5789 ||| Stepping ~*~*~tactically~*~*~ (hiding).
  5790 | D:7      | 5790 ||| Stepping ~*~*~tactically~*~*~ (hiding).
  5791 | D:7      | 5791 ||| Stepping ~*~*~tactically~*~*~ (hiding).
  5796 | D:7      | 5796 ||| Stepping ~*~*~tactically~*~*~ (stealth).
  5911 | D:7      | 5911 ||| Stepping ~*~*~tactically~*~*~ (hiding).
  5913 | D:7      | 5913 ||| Stepping ~*~*~tactically~*~*~ (hiding).
  5914 | D:7      | 5914 ||| Stepping ~*~*~tactically~*~*~ (hiding).
  5959 | D:7      | 5959 ||| Stepping ~*~*~tactically~*~*~ (hiding).
  5960 | D:7      | 5960 ||| Stepping ~*~*~tactically~*~*~ (hiding).
  5962 | D:7      | 5962 ||| Stepping ~*~*~tactically~*~*~ (hiding).
  5968 | D:7      | Reached skill level 3 in Invocations
  6202 | D:7      | 6202 ||| INVOKING Heroism.
  6219 | D:7      | 6219 ||| INVOKING Heroism.
  6494 | D:8      | Found a runed translucent door.
  6495 | D:8      | Noticed a death knight
  6495 | D:8      | Noticed qw's ghost (novice GrFi)
  6520 | D:8      | 6520 ||| SWAPPING to +0 broad axe.
  6555 | D:8      | 6555 ||| Stepping ~*~*~tactically~*~*~ (hiding).
  6556 | D:8      | 6556 ||| INVOKING Heroism.
  6557 | D:8      | 6557 ||| Stepping ~*~*~tactically~*~*~ (hiding).
  6558 | D:8      | 6558 ||| Stepping ~*~*~tactically~*~*~ (hiding).
  6559 | D:8      | 6559 ||| Stepping ~*~*~tactically~*~*~ (hiding).
  6560 | D:8      | 6560 ||| Stepping ~*~*~tactically~*~*~ (stealth).
  6579 | D:8      | 6579 ||| INVOKING Heroism.
  6584 | D:8      | 6584 ||| Stepping ~*~*~tactically~*~*~ (hiding).
  6590 | D:8      | Reached XP level 10. HP: 35/63 MP: 11/13
  6590 | D:8      | 6590 ||| Stepping ~*~*~tactically~*~*~ (hiding).
  6593 | D:8      | 6593 ||| INVOKING Heroism.
  6598 | D:8      | Found a staircase to the Lair.
  6741 | D:8      | Reached skill level 10 in Axes
  6753 | D:8      | 6753 ||| Stepping ~*~*~tactically~*~*~ (hiding).
  6766 | D:8      | Reached ** piety under Okawaru
  6839 | D:8      | Noticed an elephant
  6851 | D:8      | Killed an elephant
  7049 | D:8      | Noticed Joseph
  7050 | D:8      | 7050 ||| Stepping ~*~*~tactically~*~*~ (hiding).
  7052 | D:8      | 7052 ||| Stepping ~*~*~tactically~*~*~ (hiding).
  7068 | D:8      | 7068 ||| INVOKING Heroism.
  7071 | D:8      | Killed Joseph
  7142 | D:8      | 7142 ||| Stepping ~*~*~tactically~*~*~ (hiding).
  7146 | D:8      | 7146 ||| INVOKING Heroism.
  7289 | D:8      | Found Xulaoneo's Serpentskin Sales.
  7397 | D:8      | Noticed a two-headed ogre
  7398 | D:8      | 7398 ||| INVOKING Heroism.
  7406 | D:8      | Killed a two-headed ogre
  7406 | D:8      | Reached *** piety under Okawaru
  7597 | D:8      | 7597 ||| PLANNING LAIR
  7597 | D:8      | 7597 ||| UPGRADING to +0 plate armour.
  7607 | D:8      | 7607 ||| DROPPING +0 chain mail.
  7608 | D:8      | 7608 ||| READING 2 scrolls labelled CIWOUCS OLERYL.
  7609 | D:8      | 7609 ||| READING scroll of enchant weapon.
  7609 | D:8      | 7609 ||| ENCHANTING +1 broad axe.
  7654 | Lair:1   | Entered Level 1 of the Lair of Beasts
  7654 | Lair:1   | Noticed a cane toad
  7655 | Lair:1   | 7655 ||| INVOKING Heroism.
  7661 | Lair:1   | Killed a cane toad
  7699 | Lair:1   | Reached skill level 6 in Armour
  7706 | Lair:1   | Reached **** piety under Okawaru
  7739 | Lair:1   | Noticed a black mamba
  7740 | Lair:1   | 7740 ||| INVOKING Heroism.
  7772 | Lair:1   | Noticed Gastronok
  7773 | Lair:1   | 7773 ||| FLEEEEING.
  7789 | Lair:1   | 7789 ||| FLEEEEING.
  7790 | Lair:1   | 7790 ||| FLEEEEING.
  7791 | Lair:1   | 7791 ||| FLEEEEING.
  7805 | Lair:1   | 7805 ||| FLEEEEING.
  7806 | Lair:1   | 7806 ||| FLEEEEING.
  7810 | Lair:1   | 7810 ||| STAIRDANCE
  8000 | Lair:1   | 8000 ||| INVOKING Heroism.
  8017 | Lair:1   | Killed Gastronok
  8018 | Lair:1   | Reached skill level 11 in Axes
  8018 | Lair:1   | Reached XP level 11. HP: 60/69 MP: 14/14
  8105 | Lair:1   | 8105 ||| INVOKING Heroism.
  8132 | Lair:1   | 8132 ||| INVOKING Heroism.
  8134 | Lair:1   | Reached skill level 9 in Fighting
  8225 | Lair:1   | 8225 ||| INVOKING Heroism.
  8364 | Lair:1   | 8364 ||| INVOKING Heroism.
  8427 | Lair:1   | Noticed Grum
  8428 | Lair:1   | 8428 ||| INVOKING Heroism.
  8439 | Lair:1   | Killed Grum
  8505 | Lair:1   | Noticed Sonja
  8519 | Lair:1   | 8519 ||| INVOKING Heroism.
  8524 | Lair:1   | Reached skill level 6 in Invocations
  8524 | Abyss:1  | Cast into level 1 of the Abyss (Sonja)
  8621 | Abyss:1  | 8621 ||| Stepping ~*~*~tactically~*~*~ (stealth).
  8624 | Abyss:1  | 8624 ||| Stepping ~*~*~tactically~*~*~ (hiding).
  8639 | Abyss:1  | 8639 ||| Stepping ~*~*~tactically~*~*~ (stealth).
  8714 | Abyss:1  | Noticed a bone dragon
  8719 | Abyss:1  | 8719 ||| INVOKING Heroism.
  8729 | Abyss:1  | HP: 13/71 [bone dragon (8)]
  8730 | Abyss:1  | 8730 ||| READING 2 scrolls of teleportation.
  8731 | Abyss:1  | 8731 ||| DRINKING potion of heal wounds.
  8741 | Abyss:1  | HP: 15/71 [bone dragon (5)]
  8798 | Abyss:1  | 8798 ||| Stepping ~*~*~tactically~*~*~ (stealth).
  8799 | Abyss:1  | 8799 ||| Stepping ~*~*~tactically~*~*~ (stealth).
  8800 | Abyss:1  | 8800 ||| Stepping ~*~*~tactically~*~*~ (stealth).
  8801 | Abyss:1  | 8801 ||| Stepping ~*~*~tactically~*~*~ (stealth).
  8802 | Abyss:1  | 8802 ||| INVOKING Heroism.
  8810 | Abyss:1  | Reached skill level 12 in Axes
  8822 | Abyss:1  | 8822 ||| INVOKING Heroism.
  8833 | Abyss:1  | 8833 ||| Stepping ~*~*~tactically~*~*~ (stealth).
  8836 | Abyss:1  | Noticed a sixfirhy
  8838 | Abyss:1  | 8838 ||| Stepping ~*~*~tactically~*~*~ (stealth).
  8841 | Abyss:1  | Killed a sixfirhy
  8842 | Abyss:1  | HP: 11/71 [ancient zyme (7)]
  8843 | Abyss:1  | 8843 ||| READING scroll of teleportation.
  8848 | Abyss:1  | Reached ***** piety under Okawaru
  8916 | Abyss:1  | Noticed a worldbinder
  8917 | Abyss:1  | 8917 ||| Stepping ~*~*~tactically~*~*~ (stealth).
  8944 | Abyss:1  | 8944 ||| Stepping ~*~*~tactically~*~*~ (stealth).
  8945 | Abyss:1  | 8945 ||| INVOKING Heroism.
  8947 | Abyss:1  | Killed a worldbinder
  8948 | Abyss:1  | Reached skill level 6 in Shields
  9013 | Abyss:1  | 9013 ||| Stepping ~*~*~tactically~*~*~ (stealth).
  9048 | Abyss:1  | 9048 ||| Stepping ~*~*~tactically~*~*~ (stealth).
  9050 | Abyss:1  | 9050 ||| Stepping ~*~*~tactically~*~*~ (hiding).
  9071 | Abyss:1  | Noticed a will-o-the-wisp
  9075 | Abyss:1  | Noticed a rakshasa
  9078 | Abyss:1  | HP: 13/71 [will-o-the-wisp/foxfire (20)]
  9079 | Abyss:1  | 9079 ||| INVOKING Heroism.
  9082 | Abyss:1  | HP: 1/71 [will-o-the-wisp/foxfire (7)]
  9083 | Abyss:1  | Slain by a will-o-the-wisp

Levels and vault maps discovered:
D:1:      dpeg_arrival_subterranean_lakeside_camping, layout_basic
D:2:      layout_loops_ring, uniq_terence
D:3:      wad_crossroads, layout_loops_ring, nicolae_overflow_crystal_walls,
          hellmonk_ecumenical_altar_heavens_door, serial_glass, glass_columns_a,
          glass_columns_a
D:4:      layout_rooms, gammafunk_ghost_mausoleum
D:5:      layout_loops_cross, mainiacjoe_overflow_24_doors, serial_shops,
          nicolae_shop_tiny_real_fake_doors, hellmonk_bongcloud_opening
D:6:      layout_basic, minmay_temple_entry_overgrown, serial_curves,
          eino_curves_01, eino_curves_03, eino_curves_01, eino_curves_02,
          nicolae_nh_oracle_at_delphi, uniq_duvessa, uniq_grinder,
          uniq_eustachio
D:7:      layout_cave_pools, kennysheep_generic_room_8, uniq_crazy_yiuf_cottage
D:8:      layout_loops_ring, david_lair_generic, ebering_ghost_inner_flame,
          guppyfry_shop_venom, uniq_joseph
Temple:   regret_index_temple_sphere_string
Lair:1:   layout_hall_layers, serial_bayou_pond_e, minmay_holes, uniq_grum,
          uniq_gastronok, uniq_sonja
Abyss:1:  base:
D:10

Skill      XL: |  1  2  3  4  5  6  7  8  9 10 11 |
---------------+----------------------------------+-----
Axes           | 2 3 4 5 6 7 8 9 11 12 | 12.0
Fighting       | 4 5 6 7 8 9 |  9.1
Dodging        | 1 2 |  2.1
Throwing       | 1 |  1.9
Armour         | 4 5 7 8 |  8.0
Shields        | 4 5 6 |  6.1
Invocations    | 4 7 |  7.3

Action                     |  1- 3 |  4- 6 |  7- 9 | 10-12 || total
---------------------------+-------+-------+-------+-------++-------
  Melee: War axe           |    67 |   166 |   200 |       ||   433
         Broad axe         |       |       |    25 |   245 ||   270
  Throw: Boomerang         |       |       |    45 |     5 ||    50
 Invoke: Heroism           |       |       |     5 |    18 ||    23
    Use: Scroll            |     2 |     3 |    12 |     4 ||    21
         Potion            |     1 |       |       |     1 ||     2
   Stab: Distracted        |       |       |       |     1 ||     1
 Armour: Scale mail        |    38 |    25 |       |       ||    63
         Chain mail        |       |    28 |    85 |    21 ||   134
         Plate armour      |       |       |       |    85 ||    85
  Dodge: Dodged            |    34 |   110 |   125 |   133 ||   402
  Block: Buckler           |    13 |    25 |    49 |    56 ||   143

Table legend:
 A = Non-vault XP
 B = Vault XP
 C = Vault XP percentage of total XP
 D = Non-vault monster count
 E = Vault monster count
 F = Vault count percentage of total count
                 A         B        C        D         E       F
            +---------+---------+-------+---------+---------+-------
      Total |   12923 |    4722 |  26.8 |     176 |      30 |  14.6
            +---------+---------+-------+---------+---------+-------
        D:1 |      27 |      10 |  27.0 |      10 |       6 |  37.5
        D:2 |     188 |      36 |  16.1 |      23 |       1 |   4.2
        D:3 |      66 |       5 |   7.0 |      13 |       4 |  23.5
        D:4 |     320 |       0 |   0.0 |      24 |       0 |   0.0
        D:5 |     519 |       0 |   0.0 |      20 |       0 |   0.0
        D:6 |     965 |     720 |  42.7 |      18 |       6 |  25.0
        D:7 |     652 |     183 |  21.9 |      16 |       2 |  11.1
        D:8 |    2351 |    1505 |  39.0 |      22 |       5 |  18.5
     Lair:1 |    4875 |    2263 |  31.7 |      21 |       6 |  22.2
    Abyss:1 |    2960 |       0 |   0.0 |       9 |       0 |   0.0
            +---------+---------+-------+---------+---------+-------
